 Dungeon Crawl Stone Soup version 0.27.0-1-g7a089689b8 (webtiles) character file.

Game seed: 4160014914968815497

2710 Kinoniko the Cleaver (level 9, 0/74 HPs)
             Began as a Hill Orc Fighter on Aug 17, 2021.
             Was a Follower of Qazlal.
             Slain by a wyvern (12 damage)
             ... on level 8 of the Dungeon.
             The game lasted 00:09:22 (9278 turns).

Kinoniko the Cleaver (Hill Orc Fighter)             Turns: 9278, Time: 00:09:22

Health: 0/74       AC: 10    Str: 22    XL:     9   Next: 66%
Magic:  14/14      EV:  7    Int:  8    God:    Qazlal [*.....]
Gold:   1282       SH:  6    Dex: 10    Spells: 8/8 levels left

rFire    . . .     SeeInvis .   r - +1 broad axe
rCold    . . .     Faith    .   j - +0 buckler
rNeg     . . .     Spirit   .   k - +0 chain mail
rPois    +         Reflect  .   (no helmet)
rElec    .         Harm     .   (no cloak)
rCorr    .         Rampage  .   (no gloves)
Will     .....                  p - +0 pair of boots
Stlth    ..........             (no amulet)
HPRegen  0.22/turn              x - ring of poison resistance
MPRegen  0.14/turn              (no ring)

@: no status effects
A: no striking features
a: Renounce Religion


You were on level 8 of the Dungeon.
You worshipped Qazlal.
Qazlal was aware of your devotion.
You visited 2 branches of the dungeon, and saw 9 of its levels.
You also visited: Sewer.

You collected 1522 gold pieces.
You spent 240 gold pieces at shops.

Inventory:

Hand Weapons
 a - a +0 war axe
 r - a +1 broad axe (weapon)
Armour
 c - a +0 kite shield
 d - a +0 troll leather armour {Purgy}
 j - a +0 buckler (worn)
 k - a +0 chain mail (worn)
 p - a +0 pair of boots (worn)
Jewellery
 q - a ring of ice
 x - a ring of poison resistance (left hand)
Wands
 f - a wand of flame (13)
 s - a wand of polymorph (8)
 t - a wand of acid (6)
Scrolls
 b - 2 scrolls of teleportation
 e - a scroll of enchant armour
 h - a scroll of fear
 i - 2 scrolls of blinking
 m - 2 scrolls of identify
 v - a scroll of summoning
Potions
 g - a potion of magic {unknown}
 l - a potion of degeneration {unknown}
 n - a potion of heal wounds
 o - 4 potions of attraction
 u - 3 potions of curing
 w - a potion of mutation {unknown}
 z - a potion of cancellation {unknown}
 A - a potion of brilliance {unknown}


   Skills:
 - Level 5.2 Fighting
 * Level 13.5 Axes
 - Level 1.8(7.7) Polearms
 - Level 3.2 Armour
 - Level 4.9 Shields
 + Level 6.8 Invocations


You had 8 spell levels left.
You didn't know any spells.
Your spell library contained the following spells:

 Spells                   Type           Power      Damage    Failure   Level
 Tukima's Dance           Hex            0%         N/A       100%        3
 Passage of Golubria      Tloc           N/A        N/A       100%        4
 Yara's Violent Unravell  Hex/Tmut       0%         3d3       100%        5


Dungeon Overview and Level Annotations

Branches:
Dungeon (8/15)             Temple (1/1) D:5           Sewer (visited)
   Lair: D:8-11

Altars:
Ashenzari
Cheibriados
Elyvilon
Gozag
Hepliaklqana
Makhleb
Nemelex Xobeh
Okawaru
Qazlal
Ru
Sif Muna
Trog
Vehumet
Wu Jian
Xom
Yredelemnul
Zin
The Shining One

Shops:
D:6 =


Message History

You closely miss the bullfrog. The bullfrog hits you.
You barely miss the bullfrog. You block the bullfrog's attack. x2
You slash the bullfrog!
The bullfrog is almost dead.
The bullfrog is engulfed in blazing flames.
You kill the bullfrog!
Qazlal accepts your kill. You block the wyvern's attack. The wyvern bites you!
You see here a bullfrog corpse.
Your chain mail prevents you from hitting the wyvern.
The wyvern bites you!
You hit the wyvern.
The wyvern is lightly wounded.
The wyvern bites you.
The wyvern hisses menacingly.
The wyvern bites you!
You are too injured to fight recklessly!
You are too injured to fight recklessly!
You are too injured to fight recklessly!
You are too injured to fight recklessly!
You are too injured to fight recklessly!
You are too injured to fight recklessly!
You are too injured to fight recklessly!
You are too injured to fight recklessly!
You are too injured to fight recklessly!
You are too injured to fight recklessly!
You are too injured to fight recklessly!
You are too injured to fight recklessly!
Unknown command.
You slice the wyvern!!
The wyvern is severely wounded.
The wyvern bites you!
* * * LOW HITPOINT WARNING * * *
Unknown command.
You hit the wyvern.
The wyvern is almost dead.
The wyvern bites you!
* * * LOW HITPOINT WARNING * * *
The wyvern bites you!
You die...

#...... #..... #
##...# ..#######....#
......#......#
#...=.......#
#.........#
#.........##
#...@.....(#
#..l.......##
#....##......###
#....####........##...
....# #......<......#
...# ##....#.......##
..# #..[####.....## ..
#...## ##....# #....#
....#


You could see a wyvern.

Vanquished Creatures
  2 water moccasins
  2 ice beasts
  A sky beast (D:7)
  2 orc warriors (D:7)
  A black bear (D:5)
  Purgy (Sewer)
  3 ogres
  2 phantoms
  A kobold brigand (D:6)
  2 bullfrogs
  A scorpion (D:7)
  A water moccasin zombie (D:6)
  2 howler monkeys
  7 wights
  A centaur zombie (D:6)
  2 bullfrog zombies
  A gnoll shaman (D:5)
  2 hounds (D:5)
  4 jellies
  2 centaur skeletons
  3 iguanas (D:5)
  An orc wizard (D:7)
  A hound skeleton (D:4)
  11 gnolls
  5 adders
  A white imp (D:6)
  2 adder skeletons (D:4)
  2 worms
  3 dart slugs
  6 orcs
  4 ball pythons
  5 bats
  2 endoplasms (D:3)
  A giant cockroach (D:2)
  6 goblins
  5 hobgoblins
  5 jackals
  11 kobolds
  4 quokkas
  5 frilled lizards
  5 rats
128 creatures vanquished.

Notes
Turn   | Place    | Note
-------+----------+-------------------------------------------
     0 | D:1      | Kinoniko the Hill Orc Fighter began the quest for the Orb.
     0 | D:1      | Reached XP level 1. HP: 19/19 MP: 1/1
    80 | D:1      | Reached skill level 3 in Axes
   349 | D:1      | Reached XP level 2. HP: 26/26 MP: 2/2
  1049 | D:2      | Reached skill level 4 in Axes
  1060 | D:1      | HP: 1/26 [quokka (3)]
  1483 | D:2      | Found a glowing silver altar of Zin.
  1588 | D:2      | Reached XP level 3. HP: 24/31 MP: 3/3
  1654 | D:2      | Found a faded altar of an unknown god.
  2060 | D:3      | Reached skill level 5 in Axes
  2184 | D:3      | Found an opulent altar of Gozag.
  2262 | D:3      | Reached skill level 1 in Polearms
  2414 | D:3      | Reached XP level 4. HP: 29/39 MP: 4/4
  2566 | D:3      | Noticed a phantom
  2584 | D:3      | Killed a phantom
  2585 | D:3      | Reached skill level 6 in Axes
  2585 | D:3      | Reached XP level 5. HP: 21/46 MP: 5/5
  2931 | D:4      | Noticed an ogre
  2939 | D:4      | Killed an ogre
  2940 | D:4      | Reached skill level 7 in Axes
  2940 | D:4      | Reached XP level 6. HP: 33/53 MP: 6/6
  3436 | D:3      | Reached skill level 5 in Fighting
  3636 | D:4      | Found a hazy altar of Hepliaklqana.
  3770 | D:3      | Found a broken altar of Ashenzari.
  3933 | D:4      | Reached skill level 8 in Axes
  4430 | D:5      | Entered Level 5 of the Dungeon
  4485 | D:5      | Reached XP level 7. HP: 61/61 MP: 7/7
  4637 | D:5      | Reached skill level 9 in Axes
  4878 | D:5      | Reached XP level 8. HP: 16/68 MP: 8/8
  4948 | D:5      | Reached skill level 10 in Axes
  5236 | D:5      | Found a staircase to the Ecumenical Temple.
  5243 | Temple   | Entered the Ecumenical Temple
  5362 | Temple   | Became a worshipper of Qazlal Stormbringer
  5452 | D:5      | Found an iron altar of Okawaru.
  5589 | D:5      | Found a sparkling altar of Nemelex Xobeh.
  5607 | D:5      | Reached skill level 1 in Invocations
  6397 | D:6      | Reached skill level 11 in Axes
  6452 | D:6      | Found a glowing drain.
  6461 | Sewer    | Entered a sewer
  6464 | Sewer    | Noticed Purgy
  6468 | Sewer    | Killed Purgy
  6713 | D:6      | Found Tazu's Jewellery Boutique.
  6722 | D:6      | Bought a ring of poison resistance for 240 gold pieces
  7160 | D:6      | Reached XP level 9. HP: 62/74 MP: 12/12
  7166 | D:6      | Reached skill level 12 in Axes
  7443 | D:6      | Reached skill level 5 in Invocations
  7507 | D:7      | Identified a scroll of acquirement
  7508 | D:7      | Acquired 1096 gold pieces
  7567 | D:7      | Reached * piety under Qazlal
  7672 | D:7      | Found a radiant altar of Vehumet.
  8257 | D:7      | Reached skill level 13 in Axes
  8274 | D:7      | Found a glowing golden altar of the Shining One.
  8319 | D:7      | Found a shimmering altar of Xom.
  9278 | D:8      | Slain by a wyvern

Illustrated notes

Levels and vault maps discovered:
D:1:      lemuel_arrival_river_ford, layout_basic, kennysheep_pointless_box,
          minmay_misc_feat_columns
D:2:      minmay_chambers_of_ones, layout_rooms,
          hellmonk_ecumenical_altar_dog_temple, basic_altar
D:3:      layout_basic, grunt_gozag_breadcrumbs, evilmike_ruin_ashenzari
D:4:      layout_cave_pools, nzn_hepliaklqana_mist_gate, nrook_campfire,
          kennysheep_windowed_goal
D:5:      layout_basic, okawaru_trees_2, nemelex_diamond_rough_becter,
          minmay_temple_entry_mini_moons, grunt_decor_junction,
          grunt_decor_resistance, kennysheep_generic_room_11
D:6:      layout_gridville, serial_shops, shop, portal_sewer_entry_d
D:7:      layout_layer_cave, mainiacjoe_overflow_cross_hatched,
          amcnicky_altar_gilded, nicolae_tso_carved_into_rock
D:8:      layout_layer_cave, lemuel_round_altar, nicolae_dithmenos_the_darkroom,
          mainiacjoe_overflow_concentric_impassable,
          hangedman_abyss_or_decor_stagger
Temple:   compressed_dpeg_circular_temple

Skill      XL: |  1  2  3  4  5  6  7  8  9 |
---------------+----------------------------+-----
Axes           | 3 4 5 6 7 8 9 11 13 | 13.5
Polearms       | 1 |  1.8
Fighting       | 4 5 |  5.2
Shields        | 4 |  4.9
Invocations    | 4 6 |  6.8
Armour         | |  3.2

Action                   |  1- 3 |  4- 6 |  7- 9 || total
-------------------------+-------+-------+-------++-------
Melee: War axe           |   105 |   122 |     9 ||   236
       Broad axe         |       |       |   225 ||   225
  Use: Potion            |       |     1 |     6 ||     7
       Scroll            |       |     4 |    10 ||    14
 Stab: Invisible         |       |       |     8 ||     8
Armor: Scale mail        |    42 |       |       ||    42
       Chain mail        |    26 |    81 |    96 ||   203
Dodge: Dodged            |    59 |    41 |    60 ||   160
Block: Buckler           |       |     6 |    57 ||    63
